 Dungeon Crawl Stone Soup version 0.31-a0-210-gccc998df9b (webtiles) character file.

Game seed: 1494267912505260717

65 qw the Shooter (level 3, -2/29 HPs)
             Began as a Minotaur Hexslinger on June 29, 2023.
             Killed by divine providence
             ... invoked by an orc priest
              (16 damage)
             ... on level 3 of the Dungeon.
             The game lasted 00:00:42 (1718 turns).

qw the Shooter (Minotaur Hexslinger)                Turns: 1718, Time: 00:00:42

Health: -2/29      AC:  3    Str: 12    XL:     3   Next: 92%
Magic:  3/3        EV: 12    Int: 10    God:
Gold:   37         SH:  0    Dex: 14    Spells: 3/4 levels left

rFire   . . .        Y - +1 sling
rCold   . . .        (no shield)
rNeg    . . .        b - +0 leather armour
rPois   .            (helmet restricted)
rElec   .            (no cloak)
rCorr   .            (no gloves)
SInv    .            (no boots)
Will    .....        (no amulet)
Stlth   +            (no ring)
HPRegen 0.24/turn    (no ring)
MPRegen 0.08/turn

%: no passive effects
@: no status effects
A: horns 2, retaliatory headbutt
a: no special abilities


You were on level 3 of the Dungeon.
You visited 1 branch of the dungeon, and saw 3 of its levels.

You collected 122 gold pieces.
You spent 85 gold pieces at shops.


Innate Abilities, Weirdness & Mutations

You have a pair of horns on your head.
You reflexively headbutt those who attack you in melee.


   Skills:
 - Level 2.0 Fighting
 + Level 4.4 Ranged Weapons
 - Level 2.1 Dodging
 - Level 1.0 Spellcasting
 - Level 2.0 Hexes


You had 3 spell levels left.
You knew the following spells:

 Your Spells              Type           Power      Damage    Failure   Level
a - Slow                  Hex            16%        N/A       19%         1

Your spell library contained the following spells:

 Spells                   Type           Power      Damage    Failure   Level
 Inner Flame              Hex/Fire       2%         N/A       65%         3
 Portal Projectile        Hex/Tloc       4%         N/A       65%         3
 Cause Fear               Hex            2%         N/A       88%         4

Inventory:

Hand Weapons
 Y - a +1 sling (weapon)
Armour
 b - a +0 leather armour (worn)
Scrolls
 a - a scroll of silence {unknown}
 e - a scroll of teleportation
 j - a scroll of identify
Potions
 d - a potion of mutation {unknown}
 f - 2 potions of curing
 g - a potion of cancellation {unknown}

Dungeon Overview and Level Annotations

Branches:
Dungeon (3/15)

Altars:

Shops:
D:1 :   D:2 *


Message History

Enter note:
Enter note:
Enter note:
1702 ||| FLEEEEING.
1703 ||| STILL FLEEEEING.
1704 ||| FLEEEEING.
1705 ||| FLEEEEING.
1706 ||| FLEEEEING.
1707 ||| FLEEEEING.
1708 ||| FLEEEEING.
1709 ||| FLEEEEING.
1710 ||| FLEEEEING.
1711 ||| FLEEEEING.
The orc priest looks encouraged for a moment.
You shoot a sling bullet. The sling bullet barely misses the orc.
You shoot a sling bullet. The sling bullet barely misses the orc.
The orc priest looks braver for a moment.
You shoot a sling bullet. The sling bullet barely misses the orc.
The sling bullet hits the orc priest but does no damage.
You shoot a sling bullet.
The sling bullet closely misses the orc.
The sling bullet hits the orc priest.
The orc priest is moderately wounded.
The orc barely misses you.
You shoot a sling bullet. The sling bullet hits the orc.
The orc is heavily wounded.
The orc priest calls upon Beogh to heal the orc priest.
The orc priest's wounds heal themselves!
The orc hits you but does no damage. The orc hits you with a +0 club.
You shoot a sling bullet.
The sling bullet hits the orc but does no damage.
The orc is heavily wounded.
The orc priest begins to cast a cantrip, but forgets the words!
The orc misses you. You furiously retaliate!
You headbutt the orc. You shoot a sling bullet. The sling bullet hits the orc!
You kill the orc!
The orc priest invokes the aid of Beogh against you.
Beogh smites you!
Ouch! That really hurt!
You die...

#..## ##.......## ##.......
#####...####.........####....####
...........'.........'.......#
#####...####.........####...##
##.## ##.......## ##.## #.#
##.....## #.# #.# ##...## #.# #.#
##+## #.# #.# #@# #.# #.# #o# #.#
#.# ###.##### #.# #####.#####
#..o....# #.#
#......(..###.....#.# #.#
#.###............##.#####.# #.#
#####.##..............# #.#
#.##........#######
#.#######.##........#


You could see 2 orc priests.

Vanquished Creatures
  2 adders (D:2)
  2 dart slugs (D:1)
  2 orcs (D:3)
  6 bats
  An endoplasm (D:3)
  A giant cockroach (D:1)
  3 goblins
  2 hobgoblins (D:1)
  5 kobolds
  2 quokkas
  6 ball pythons
  4 frilled lizards
  7 rats (D:1)
43 creatures vanquished.

Notes
Turn   | Place    | Note
-------+----------+-------------------------------------------
     0 | D:1      | qw the Minotaur Hexslinger began the quest for the Orb.
     0 | D:1      | Reached XP level 1. HP: 16/16 MP: 1/1
     0 | D:1      | 0 ||| qw: Version: 0.3-a-24-ga2abf7b
     0 | D:1      | 0 ||| qw: Game counter: 6917
     0 | D:1      | 0 ||| qw: Melee chars always use a shield: true
     0 | D:1      | 0 ||| qw: God list: Okawaru
     0 | D:1      | 0 ||| qw: Allow faded altars: false
     0 | D:1      | 0 ||| qw: Do Orc after clearing Dungeon:15 true
     0 | D:1      | 0 ||| qw: Do second Lair branch before Depths: true
     0 | D:1      | 0 ||| qw: Lair rune preference: random
     0 | D:1      | 0 ||| qw: Goals: Normal
     0 | D:1      | 0 ||| PLANNING D:1-11
    80 | D:1      | Reached skill level 3 in Ranged Weapons
   101 | D:1      | Reached XP level 2. HP: 23/23 MP: 2/2
   107 | D:1      | Found Kyusez's Book Shoppe.
   141 | D:1      | Found a faded altar of an unknown god.
   471 | D:1      | Reached XP level 3. HP: 21/29 MP: 3/3
   707 | D:1      | 707 ||| READING scroll labelled QUADGH FYWNUJ.
   708 | D:1      | 708 ||| DROPPING scroll of poison.
   828 | D:2      | 828 ||| FLEEEEING.
   988 | D:2      | Reached skill level 4 in Ranged Weapons
  1026 | D:2      | Found Powyty's Assorted Antiques.
  1030 | D:2      | 1030 ||| BUYING 2 smoky orange potions (57 gold).
  1030 | D:2      | Bought 2 smoky orange potions for 57 gold pieces
  1030 | D:2      | 1030 ||| BUYING clear potion (28 gold).
  1030 | D:2      | Bought a clear potion for 28 gold pieces
  1030 | D:2      | 1030 ||| SHOPLISTING long iron wand (128 gold, have 7).
  1030 | D:2      | 1030 ||| SHOPLISTING ruby potion (28 gold, have 7).
  1030 | D:2      | 1030 ||| SHOPLISTING scroll labelled CUTUHA XYWUR (32 gold,
                  | have 7).
  1030 | D:2      | 1030 ||| SHOPLISTING scroll of identify (64 gold, have 7).
  1030 | D:2      | 1030 ||| SHOPLISTING silvery potion (28 gold, have 7).
  1030 | D:2      | 1030 ||| SHOPLISTING smoking cloak (304 gold, have 7).
  1270 | D:2      | 1270 ||| UPGRADING to +0 leather armour.
  1280 | D:2      | 1280 ||| DROPPING +0 robe.
  1281 | D:2      | 1281 ||| READING 2 scrolls labelled FEACVU XAOBIRU.
  1282 | D:2      | 1282 ||| READING 2 scrolls labelled WIXZENW XATORCH.
  1287 | D:2      | 1287 ||| READING scroll labelled DATIGR HIARYET.
  1288 | D:2      | 1288 ||| READING scroll labelled DUCHYI ROB JUW.
  1289 | D:2      | 1289 ||| READING scroll labelled OXZOPL BEDEED.
  1290 | D:2      | 1290 ||| DRINKING 2 smoky orange potions.
  1291 | D:2      | 1291 ||| DROPPING scroll of immolation.
  1314 | D:3      | 1314 ||| STAIRDANCE
  1688 | D:3      | HP: 7/29 [orc priest/divine providence (13)]
  1689 | D:3      | 1689 ||| FLEEEEING.
  1690 | D:3      | 1690 ||| FLEEEEING.
  1691 | D:3      | 1691 ||| FLEEEEING.
  1692 | D:3      | 1692 ||| FLEEEEING.
  1693 | D:3      | 1693 ||| FLEEEEING.
  1695 | D:3      | 1695 ||| FLEEEEING.
  1696 | D:3      | 1696 ||| FLEEEEING.
  1697 | D:3      | 1697 ||| FLEEEEING.
  1698 | D:3      | 1698 ||| FLEEEEING.
  1699 | D:3      | 1699 ||| FLEEEEING.
  1700 | D:3      | 1700 ||| FLEEEEING.
  1701 | D:3      | 1701 ||| FLEEEEING.
  1702 | D:3      | 1702 ||| FLEEEEING.
  1704 | D:3      | 1704 ||| FLEEEEING.
  1705 | D:3      | 1705 ||| FLEEEEING.
  1706 | D:3      | 1706 ||| FLEEEEING.
  1707 | D:3      | 1707 ||| FLEEEEING.
  1708 | D:3      | 1708 ||| FLEEEEING.
  1709 | D:3      | 1709 ||| FLEEEEING.
  1710 | D:3      | 1710 ||| FLEEEEING.
  1711 | D:3      | 1711 ||| FLEEEEING.
  1718 | D:3      | Killed from afar by an orc priest

Levels and vault maps discovered:
D:1:      heliophobic_arrival_battle_scene, layout_loops_cross,
          chequers_ecumenical_altar_twisty, serial_shops,
          nicolae_book_shop_shelving, st_stairs_2
D:2:      layout_basic, serial_shops, shop, chequers_serial_rivers_micro_c
D:3:      layout_loops_corners, uniq_sigmund

Skill      XL: |  1  2  3 |
---------------+----------+-----
Ranged Weapons | 3 4 |  4.4
Fighting       | 2 |  2.0
Dodging        | |  2.1
Spellcasting   | |  1.0
Hexes          | |  2.0

Action                     || total
---------------------------++-------
   Fire: Sling             ||   144
    Use: Scroll            ||     6
         Potion            ||     1
 Armour: Robe              ||     7
         Leather armour    ||     3
  Dodge: Dodged            ||    49

Table legend:
 A = Non-vault XP
 B = Vault XP
 C = Vault XP percentage of total XP
 D = Non-vault monster count
 E = Vault monster count
 F = Vault count percentage of total count
                 A         B        C        D         E       F
            +---------+---------+-------+---------+---------+-------
      Total |      93 |       3 |   3.1 |      41 |       2 |   4.7
            +---------+---------+-------+---------+---------+-------
        D:1 |      41 |       3 |   6.8 |      24 |       2 |   7.7
        D:2 |      42 |       0 |   0.0 |      13 |       0 |   0.0
        D:3 |      10 |       0 |   0.0 |       4 |       0 |   0.0
            +---------+---------+-------+---------+---------+-------
